Unix NetHack Version 5.0.0-0 post-release - last build May  4 2026 22:22:43 (774f63e81ad911689b3a0859ea89b322d5daca8d,branch:main).

Game began 2026-05-08 13:01:50, ended 2026-05-08 14:30:19.

1212459919, chaotic male human Barbarian

                               -----------     -------------
                               |<........|     |...........|
                               |...^.....|     |....{......|
                               |..........     |...........|
                              #.......[..|     |...........|
                              #---------.-    #............|
                              ###       ##   ##--------|----
                                #        #    ###     ###
                                #        ###   #       #
                                           #   ##      ###
                                           #    ##       #
                                           ##################        --.-----
                                       ------|---#       -.-.--      |....<.|
                                       |........|#       |.{...#     |?@....|
                                       |.........########.....|######-......|
                                       |........|        |....|      |......|
                                       |........|        ------      --------
                                       ----------

1212459919 the Bandit      St:18 Dx:17 Co:18 In:7 Wi:8 Ch:6  Chaotic
Dlvl:7  $:0  HP:0(62) Pw:15(15) AC:4  Xp:6 T:4518  Fainted  Blind Deaf

Latest messages:
 It touches you!
 It touches you!
 You regain consciousness.
 You can hear again.
 It touches you!
 You faint from lack of food.
 It touches you!
 You regain consciousness.
 You faint from lack of food.
 It touches you!
 It bites!
 It bites!
 You avoid harm.
 It bites!
 It bites!
 It bites!
 You feel feverish.
 It bites!
 It bites!
 You regain consciousness.
 You cannot escape from it!
 It bites!
 You can hear again.
 You cannot escape from it!
 It bites!
 You pull free from it.
 You try to feel what is lying here on the floor.
 You feel here an unlabeled scroll.
 It bites!
 You try to feel what is lying here on the floor.
 You feel here an unlabeled scroll.
 It misses!
 It bites!
 You faint from lack of food.
 It bites!
 You dream that you feel hemmed in.
 It bites!
 It bites!
 It bites!
 It misses!
 It bites!
 It bites!
 It bites!
 It bites!
 You die...
 Do you want your possessions identified? [ynq] (y) y
 Do you want to see your attributes? [ynq] (y) y
 Do you want an account of creatures vanquished? [ynaq] (y) y
 Do you want to see your conduct and achievements? [ynq] (y) y
 Do you want to see the dungeon overview? [ynq] (y) y

Inventory:
 Amulets  ('"')
  n - an uncursed amulet of unchanging
 Weapons  (')')
  r - a +1 elven dagger (at the ready)
  v - a +0 axe
  a - a +0 battle-axe (weapon in hands)
  b - a +0 short sword
 Armor    ('[')
  j - an uncursed +0 orcish helm (being worn)
  e - an uncursed rusty +0 orcish helm
  o - an uncursed +0 pair of iron shoes (being worn)
  p - an uncursed +0 dwarvish cloak (being worn)
  c - an uncursed +0 ring mail (being worn)
 Scrolls  ('?')
  l - an uncursed scroll of teleportation
 Potions  ('!')
  w - an uncursed potion of object detection
 Rings    ('=')
  A - a cursed ring of teleportation
 Tools    ('(')
  x - an uncursed mirror
  q - a +0 pick-axe
  u - an uncursed skeleton key
  h - a cursed skeleton key
 Gems/Stones  ('*')
  y - an uncursed worthless piece of black glass
  z - 2 uncursed worthless pieces of white glass

1212459919 the Barbarian's attributes:

Background:
 You were a Bandit, a level 6 male human Barbarian.
 You were chaotic, on a mission for Set
 who was opposed by Mitra (lawful) and Crom (neutral).
 You were right-handed.
 You were in the Dungeons of Doom, on level 7.
 You entered the dungeon 4518 turns ago.
 You had 619 experience points, 21 more were needed to attain level 7.

Basics:
 You had 0 out of 62 hit points.
 You had all 15 energy points (spell power).
 Your armor class was 4.
 Your wallet was empty.
 Autopickup was off.

Final Characteristics:
 Your strength was 18 (base:18/01, limit:18/100).
 Your dexterity was 17 (peak:18, limit:18).
 Your constitution was 18 (limit:18).
 Your intelligence was 7 (limit:18).
 Your wisdom was 8 (limit:18).
 Your charisma was 6 (limit:18).

Final Status:
 You were temporarily blind.
 You were deaf.
 You were fainted due to starvation.
 You were unencumbered.
 You were wielding an axe.
 You were skilled in axe.

Final Attributes:
 You were piously aligned.
 Your items were somewhat protected from fire.
 Your items were somewhat protected from cold.
 You were poison resistant.
 You were level-drain resistant.
 You were warded.
 You were a wererat.
 You were harmed by silver.
 You are dead.

Miscellaneous:
 You didn't encounter any bones levels.
 Total elapsed playing time was 1 hour, 28 minutes and 27 seconds.

Major events:
 Turn
    1: 1212459919 the chaotic male human Barbarian entered the dungeon
 1217: attained the rank of Pillager (level 3)
 3266: attained the rank of Bandit (level 6)
 4518: killed by a rabid rat, while fainted from lack of food

You didn't know any spells.

Skills:
 Fighting Skills
   bare handed combat [Basic]
   two weapon combat  [Unskilled]
   riding             [Unskilled]
 Weapon Skills
   dagger             [Unskilled]
   axe                [Skilled]
   pick-axe           [Unskilled]
   short sword        [Basic]
   broadsword         [Unskilled]
   long sword         [Unskilled]
   two-handed sword   [Unskilled]
   saber              [Unskilled]
   club               [Unskilled]
   mace               [Unskilled]
   morning star       [Unskilled]
   flail              [Unskilled]
   hammer             [Unskilled]
   quarterstaff       [Unskilled]
   spear              [Unskilled]
   trident            [Unskilled]
   bow                [Unskilled]
 Spellcasting Skills
   attack spells      [Unskilled]
   escape spells      [Unskilled]

Voluntary challenges:
 Character rerolling was not enabled.
 You never genocided any monsters.
 You never polymorphed an object.
 You never changed form.
 You used no wishes.
Achievements:
 You attained the rank of Pillager.
 You attained the rank of Bandit.

 The Dungeons of Doom: levels 1 to 7
    Level 1:
    Level 2:
    Level 3:
       An altar, some fountains.
    Level 4:
       A fountain.
    Level 5:
       Many fountains.
    Level 6:
       Many fountains.
       Oracle of Delphi.
    Level 7: <- You were here.
       Some fountains.
       Final resting place for
          you, killed by a rabid rat, while fainted from lack of food.


Vanquished creatures:
  3 leprechauns
 an orc mummy
  a dwarf mummy
  a dingo
  a gnome mummy
  a human zombie
  2 water nymphs
  a rock piercer
  2 ponies
  a yellow light
  a gnomish wizard
  a kobold mummy
  2 red naga hatchlings
  a black naga hatchling
  a golden naga hatchling
  a straw golem
  a paper golem
  4 giant ants
  a little dog
  a dwarf
  a hill orc
  2 centipedes
  2 orc zombies
  2 dwarf zombies
  a wererat
  a werejackal
 an iguana
  2 coyotes
  6 cave spiders
  2 gnome zombies
  3 geckos
  7 jackals
  2 foxes
  a kobold
  2 goblins
  a sewer rat
  4 grid bugs
  3 bats
  a lichen
  a kobold zombie
  6 newts
79 creatures vanquished.

No species were genocided or became extinct.

Game over:
                       ----------
                      /          \
                     /    REST    \
                    /      IN      \
                   /     PEACE      \
                  /                  \
                  |    1212459919    |
                  |       0 Au       |
                  |   killed by a    |
                  |    rabid rat     |
                  |                  |
                  |                  |
                  |       2026       |
                 *|     *  *  *      | *
        _________)/\\_//(\/(/\)/\//\/|_)_______

Goodbye 1212459919 the Barbarian...

You died in The Dungeons of Doom on dungeon level 7 with 2776 points,
and 0 pieces of gold, after 4518 moves.
You were level 6 with a maximum of 62 hit points when you died.

